groovejumper, neutral female human Wizard ---------------- |..............| --)----------- #......*........| ..h\.(.hoooGk- ###|..............| # ..hoh...hohGoh| ----- # -------------.-- # @)oGG..h.>.GooGk| |....####%#########0################%## --------------- |...| # # # |...|###################0 ## |...| # ----------.- |...-## |..........| |...| |..........| -|--- |..........+ # # |....<.....| ### |..........| # ------------ #######0 groovejumper the Thaumaturge Experience level: 6 Strength: 12 Dexterity: 11 Constitution: 16 Intelligence: 18 Wisdom: 8 Charisma: 12 Health: 0(48) Energy: 39(56) AC: 7 Gold: 500 Moves: 1972 Your Inventory: Coins $ - 500 gold pieces Weapons a - a blessed +1 quarterstaff (weapon in hands) Armor b - an uncursed +2 cloak of magic resistance (being worn) Comestibles r - 2 [uncursed] food rations S - an [uncursed] lichen corpse U - an [uncursed] avacado V - an [uncursed] tripe ration Scrolls o - an uncursed scroll of light s - an uncursed scroll of taming Spellbooks k - a blessed spellbook of force bolt l - an uncursed spellbook of light q - an [uncursed] spellbook of light Potions g - an uncursed potion of gain ability h - 2 uncursed clear potions [of water] Rings d - an uncursed ring of see invisible e - an uncursed ring of poison resistance n - an uncursed ring of teleport control p - an uncursed ring of stealth Wands c - an uncursed wand of magic missile (0:6) Tools m - an uncursed blindfold Spells known in the end: Name Level Category Fail Memory a - force bolt 1 attack 0% [||||||||] b - light 1 divination 0% [||||||||] Your skills at the end: Fighting Skills Weapon Skills quarterstaff [Basic / Expert] Spellcasting Skills attack spells [Basic / Expert] enchantment spells [Basic / Skilled] Final Attributes: You were devoutly aligned. Hunger level was 560. Your alignment was 19 / 19. Monster difficulty range was 0 - 5. Level difficulty was 5. You were magic-protected. Your luck was zero. You are dead. Vanquished creatures: a leprechaun a blue jelly a rock piercer a fog cloud a shrieker a floating eye a kitten a kobold lord a monkey 4 orc zombies 2 iguanas an acid blob a coyote a large kobold 3 hobgoblins 2 brown molds 3 gnomes a gnome zombie a gecko a jackal a fox 2 kobolds 3 goblins a grid bug a bat a lichen 3 newts 41 creatures vanquished. Voluntary challenges: You were an atheist. You used a wielded weapon 34 times. You read items or engraved 8 times. You put on armor 1 time. You never genocided any monsters. You never polymorphed an object. You never changed form. You used no wishes. You wrote Elbereth's name 1 time. You never encountered a bones level. You never used any Sokoban shortcuts. Dungeon overview: The Dungeons of Doom: levels 1 to 5 Level 1 a long staircase Level 2 a fountain Level 3 a general store Level 4 a fountain stairs to The Gnomish Mines Level 5 <- You were here a throne The Gnomish Mines: Level 5 stairs to The Dungeons of Doom History has recorded: On T:1 you entered the Dungeons of Doom to retrieve the Amulet of Yendor! On T:319 you reached level 2 of The Dungeons of Doom. On T:484 you advanced to experience level 2. On T:497 you advanced to experience level 3. On T:588 you reached level 3 of The Dungeons of Doom. On T:775 you advanced to experience level 4. On T:1121 you advanced to experience level 5. On T:1238 you reached level 4 of The Dungeons of Doom. On T:1386 you reached level 1 of The Gnomish Mines. On T:1709 you reached level 5 of The Dungeons of Doom. On T:1747 you advanced to experience level 6. Latest messages: The large kobold throws a dagger! You are hit by a dagger. Wizard, your life force is running out. The gnome throws a dart! The dart misses the bugbear. The dart hits the hobgoblin. [HP-4=2] The large kobold turns to flee! The gnome throws a dart! The dart misses the kobold shaman. The dart hits the large kobold. The large kobold is killed! The air crackles around the kobold shaman. [HP+1=3] The hobgoblin turns to flee! The gnome throws a dart! The dart hits the kobold shaman. The hobgoblin picks up a dart. The gnome throws a dart! The dart misses the kobold shaman. The dart hits the gnome lord. The bugbear throws a dart! The dart slips as the bugbear throws it! The hobgoblin throws a dart! You are hit by a dart. You die... Final status: Goodbye groovejumper the Wizard... You died in The Dungeons of Doom on dungeon level 5 with 2090 points, and 500 pieces of gold, after 1972 moves. You were level 6 with a maximum of 48 hit points when you died.